 Dungeon Crawl Stone Soup version 0.31-a0-859-g9dce7d3444 (webtiles) character file.

Game seed: 11912022244158384726

2376101 D12ThenQuit the Pyromancer (level 26, 195/195 HPs)
             Began as an Octopode Necromancer on Oct 5, 2023.
             Was the Champion of Vehumet.
             Escaped with the Orb
             ... and 4 runes on Oct 10, 2023!
             The game lasted 04:15:35 (65600 turns).

D12ThenQuit the Pyromancer (Octopode Necromancer)  Turns: 65600, Time: 04:15:35

Health: 195/195    AC: 11    Str:  7    XL:     26   Next: 96%
Magic:  47/47      EV: 33    Int: 43    God:    Vehumet [******]
Gold:   2785       SH:  0    Dex: 24    Spells: 8/65 levels left

rFire   + + +        f - staff "Ceir" {rPois rF+ Int+4 Fire}
rCold   . . .        W - orb {*channel}
rNeg    . . .        D - +2 hat {Int+3}
rPois   +            Q - amulet of Jaonuj {RegenMP Contam Dex+4}
rElec   .            p - ring of the Mage {Wiz Archmagi}
rCorr   +            z - +4 ring of protection
SInv    .            C - ring of willpower
Will    ++...        d - ring "Zicaplua" {rF+ Int+5}
Stlth   +++          V - ring of fire
HPRegen 0.52/turn    G - ring of Issoehore {rC+ rCorr EV+5}
MPRegen 0.70/turn    T - ring "Voic Nad" {rPois Int+3 Dex+6}
                     w - +4 ring of protection

%: wizardry (x1), archmagi, channel magic (20%)
@: studying 5 skills
A: almost no armour, amphibious, 8 rings, camouflage 1, gelatinous body 1,
(nimble swimmer 1), tentacles
0: Orb of Zot
}: 4/15 runes: decaying, slimy, silver, gossamer
a: Renounce Religion


You escaped.
You worshipped Vehumet.
Vehumet was exalted by your worship.
You visited 10 branches of the dungeon, and saw 52 of its levels.
You visited the Abyss 2 times.
You also visited: Sewer, Ossuary, Ice Cave and Desolation.

You collected 7296 gold pieces.
You spent 4511 gold pieces at shops.

Inventory:

Hand Weapons
 a - the +8 trident of the Octopus King {venom, rElec rPois}
   (You found it on level 11 of the Dungeon)

   rElec:     It insulates you from electricity.
   rPois:     It protects you from poison
 k - a +3 demon trident of protection
 H - the +9 short sword of the Hidden Vale {freeze, Will++ Str+2 Stlth-}
   (You took it off a deep elf elementalist on level 3 of the Elven Halls)

   Str+2:     It affects your strength (+2).
   Will++:    It greatly increases your willpower.
   Stlth-:    It makes you less stealthy.
 U - the +8 dagger of the Several Songs {drain, rC+ Int+4 SInv}
   (You found it in the Desolation of Salt)

   Int+4:     It affects your intelligence (+4).
   rC+:       It protects you from cold.
   SInv:      It lets you see invisible.
Missiles
 Y - 2 curare-tipped darts (quivered)
Armour
 D - a +2 hat of intelligence (worn)
 W - an orb of energy (worn)
Magical Staves
 c - a staff of conjuration
 f - the staff "Ceir" (weapon) {rPois rF+ Int+4 Fire}
   (You found it on level 5 of the Vaults)

   [staff of fire]

   Base accuracy: +5 Base damage: 5 Base attack delay: 1.2 This weapon's minimum
   attack delay (0.6) is reached at skill level 12.
   Int+4:     It affects your intelligence (+4).
   rF+:       It protects you from fire.
   rPois:     It protects you from poison Fire: It increases the power of your
   Fire spells.
   It falls into the 'Staves' category.
   It is a one-tentacled weapon.
Jewellery
 d - the ring "Zicaplua" (on tentacle) {rF+ Int+5}
   (You bought it in a shop on level 1 of the Elven Halls)

   [ring of protection from fire]

   Int+5:     It affects your intelligence (+5).
   rF+:       It protects you from fire.
 j - a ring of protection from fire
 p - the ring of the Mage (left tentacle) {Wiz Archmagi}
   (You found it on level 5 of the Vaults)

   [ring of wizardry]

   Wiz:       It improves your spell success rate.
   Archmagi:  It increases the power of your magical spells.
 u - the ring "Yweuxt" {rF+ rC+ Dex+5}
   (You found it on level 5 of the Pits of Slime)

   [ring of protection from cold]

   Dex+5:     It affects your dexterity (+5).
   rF+:       It protects you from fire.
   rC+:       It protects you from cold.
 v - an amulet of the acrobat
 w - a +4 ring of protection (on tentacle)
 z - a +4 ring of protection (right tentacle)
 C - a ring of willpower (on tentacle)
 G - the ring of Issoehore (on tentacle) {rC+ rCorr EV+5}
   (You bought it in a shop on level 2 of the Orcish Mines)

   [ring of evasion]

   EV+5:      It affects your evasion (+5).
   rC+:       It protects you from cold.
   rCorr:     It protects you from acid and corrosion.
 Q - the amulet of Jaonuj (around mantle) {RegenMP Contam Dex+4}
   (You found it in the Desolation of Salt)

   [amulet of magic regeneration]

   RegenMP:   It increases your rate of magic regeneration.
   Dex+4:     It affects your dexterity (+4).
   Contam:    It causes magical contamination when unequipped.
 T - the ring "Voic Nad" (on tentacle) {rPois Int+3 Dex+6}
   (You found it in the Desolation of Salt)

   [ring of dexterity]

   Int+3:     It affects your intelligence (+3).
   Dex+6:     It affects your dexterity (+6).
   rPois:     It protects you from poison
 V - a ring of fire (on tentacle)
 X - a ring of fire
Wands
 x - a wand of digging (5)
 E - a wand of iceblast (38)
 F - a wand of paralysis (39)
 J - a wand of flame (37)
 L - a wand of acid (35)
 O - a wand of polymorph (21)
 P - a wand of mindburst (62)
Scrolls
 g - 22 scrolls of teleportation
 i - 8 scrolls of fog
 m - 6 scrolls of amnesia
 r - 10 scrolls of revelation
 y - 8 scrolls of immolation
 A - 5 scrolls of poison
 I - 6 scrolls of enchant armour
 K - 5 scrolls of blinking
 M - 3 scrolls of fear
 R - 6 scrolls of enchant weapon
 Z - a scroll of silence
Potions
 b - 10 potions of heal wounds
 e - 7 potions of curing
 h - a potion of invisibility
 l - 7 potions of brilliance
 n - 5 potions of ambrosia
 o - 11 potions of mutation
 q - 5 potions of cancellation
 s - 4 potions of resistance
 t - 7 potions of haste
 B - 11 potions of might
 N - 2 potions of magic
 S - 5 potions of enlightenment


   Skills:
 - Level 19.7 Fighting
 - Level 14.0 Polearms
 - Level 17.0 Dodging
 - Level 15.0 Stealth
 - Level 20.0 Spellcasting
 + Level 21.6 Conjurations
 - Level 4.5 Necromancy
 - Level 7.0 Translocations
 + Level 21.9 Fire Magic
 - Level 5.1 Air Magic
 - Level 6.0 Poison Magic


You had 8 spell levels left.
You knew the following spells:

 Your Spells              Type           Power      Damage    Failure   Level
a - Ignition              Fire           100%       3d25      1%          8
b - Poisonous Vapours     Pois/Air       100%       N/A       1%          2
c - Passage of Golubria   Tloc           100%       N/A       1%          4
d - Olgreb's Toxic Radia  Pois           97%        N/A       1%          4
e - Orb of Destruction    Conj           74%        9d17      1%          7
f - Shock                 Conj/Air       100%       1d9       1%          1
g - Starburst             Conj/Fire      100%       6d25      1%          6
h - Blink                 Tloc           100%       N/A       1%          2
i - Ignite Poison         Fire/Tmut/Pois 100%       N/A       1%          3
j - Fireball              Conj/Fire      100%       3d36      1%          5
k - Iskenderun's Mystic   Conj/Tloc      100%       2d19      1%          4
l - Passwall              Tmut/Erth      49%        N/A       1%          2
m - Fire Storm            Conj/Fire      100%       8d25      2%          9

Your spell library contained the following spells:

 Spells                   Type           Power      Damage    Failure   Level
 Polar Vortex             Ice            29%        12d3*     100%        9
 Apportation              Tloc           100%       N/A       1%          1
 Foxfire                  Conj/Fire      100%       2x1d9     1%          1
 Magic Dart               Conj           100%       1d8       1%          1
 Necrotise                Necr           100%       1d9       1%          1
 Slow                     Hex            100%       N/A       1%          1
 Sting                    Tmut/Pois      100%       1d8       1%          1
 Summon Small Mammal      Summ           100%       N/A       1%          1
 Call Imp                 Summ           100%       N/A       1%          2
 Cigotuvi's Dreadful Rot  Necr/Pois/Air  100%       N/A       1%          2
 Ensorcelled Hibernation  Hex/Ice        100%       N/A       1%          2
 Jinxbite                 Hex            100%       N/A       1%          2
 Lesser Beckoning         Tloc           100%       N/A       1%          2
 Momentum Strike          Conj/Tloc      100%       3d10      1%          2
 Scorch                   Fire           100%       2d9       1%          2
 Static Discharge         Conj/Air       100%       2-7/arc   1%          2
 Sublimation of Blood     Necr           89%        N/A       1%          2
 Wereblood                Tmut           59%        N/A       1%          2
 Frozen Ramparts          Ice            100%       1d16      1%          3
 Gell's Gravitas          Tloc           100%       N/A       1%          3
 Hailstorm                Conj/Ice       100%       3d20      1%          3
 Inner Flame              Hex/Fire       100%       N/A       1%          3
 Mephitic Cloud           Conj/Pois/Air  100%       N/A       1%          3
 Swiftness                Air            92%        N/A       1%          3
 Teleport Other           Tloc           100%       N/A       1%          3
 Vampiric Draining        Necr           89%        2d12      1%          3
 Volatile Blastmotes      Fire/Tloc      100%       2d18      1%          3
 Airstrike                Air            46%        2d(7-23)  1%          4
 Animate Dead             Necr           89%        N/A       1%          4
 Brom's Barrelling Bould  Conj/Erth      100%       2d11      1%          4
 Dispel Undead            Necr           89%        3d28      1%          4
 Flame Wave               Conj/Fire      100%       2d21      1%          4
 Fulminant Prism          Conj/Hex       58%        3d25      1%          4
 Sticky Flame             Conj/Fire      100%       2d11      1%          4
 Vhi's Electric Charge    Tloc/Air       100%       N/A       1%          4
 Arcjolt                  Conj/Air       63%        1d73      1%          5
 Iskenderun's Battlesphe  Conj           100%       2d15      1%          5
 Bombard                  Conj/Erth      58%        9d10      1%          6
 Conjure Ball Lightning   Conj/Air       63%        3x3d23    1%          6
 Plasma Beam              Fire/Air       88%        2x1d107   1%          6
 Spellforged Servitor     Conj/Summ      58%        N/A       1%          7
 Call Canine Familiar     Summ           59%        N/A       2%          3
 Confusing Touch          Hex            59%        N/A       2%          3
 Sigil of Binding         Hex            59%        N/A       2%          3
 Summon Guardian Golem    Hex/Summ       59%        N/A       2%          3
 Tukima's Dance           Hex            59%        N/A       2%          3
 Dimensional Bullseye     Hex/Tloc       41%        N/A       2%          4
 Anguish                  Hex/Necr       38%        N/A       3%          4
 Summon Lightning Spire   Summ/Air       78%        N/A       3%          4
 Agony                    Necr           89%        N/A       3%          5
 Summon Forest            Summ/Tloc      41%        N/A       4%          5
 Alistair's Intoxication  Tmut/Pois      53%        N/A       5%          5
 Dispersal                Tloc           50%        N/A       5%          6
 Eringya's Noxious Bog    Tmut/Pois      40%        4d6       5%          6
 Petrify                  Tmut/Erth      59%        N/A       6%          4
 Summon Ice Beast         Ice/Summ       59%        N/A       6%          4
 Borgnjor's Vile Clutch   Necr/Erth      38%        N/A       6%          5
 Silence                  Hex/Air        39%        N/A       6%          5
 Lehudib's Crystal Spear  Conj/Erth      58%        10d14     9%          8
 Death Channel            Necr           44%        N/A       12%         6
 Metabolic Englaciation   Hex/Ice        29%        N/A       13%         5
 Summon Mana Viper        Hex/Summ       59%        N/A       13%         5
 Simulacrum               Ice/Necr       38%        N/A       24%         6
 Summon Cactus Giant      Summ           29%        N/A       45%         6
 Haunt                    Necr/Summ      38%        N/A       69%         7
 Disjunction              Tloc           50%        N/A       71%         8
 Summon Hydra             Summ           29%        N/A       92%         7
 Borgnjor's Revivificati  Necr           44%        N/A       95%         8
 Discord                  Hex            29%        N/A       100%        8
 Chain Lightning          Conj/Air       63%        3d84      32%         9
 Death's Door             Necr           44%        N/A       100%        9
 Shatter                  Erth           29%        3d24*     100%        9


Dungeon Overview and Level Annotations

Branches:
Dungeon (15/15)            Temple (0/1) D:5            Lair (5/5) D:9
  Swamp (4/4) Lair:3       Spider (4/4) Lair:2        Slime (5/5) Lair:5
    Orc (2/2) D:9             Elf (3/3) Orc:2        Vaults (5/5) D:13
  Crypt (0/3) Vaults:3     Depths (4/4) D:15            Zot (5/5) Depths:4
  Sewer (visited)         Ossuary (visited)           IceCv (visited)
Desolation (visited)

Altars:
Ashenzari
Elyvilon
Gozag
Kikubaaqudgha
Okawaru
Trog
Uskayaw
Vehumet
Yredelemnul
Zin
The Shining One
Jiyva

Shops:
D:7 (   D:10 :   D:11 (   D:14 *   Orc:1 *   Orc:2 =*(=*   Elf:1 [**:*
Elf:3 :?   Swamp:1 *   Vaults:4 :   Vaults:5 :   Depths:1 (

Portals:
Hell: Depths:1 Depths:2 Depths:3 Depths:4
Abyss: Depths:3
Pandemonium: Depths:2
Ziggurat: Depths:4

Annotations:
D:3 1 runed translucent door, Crazy Yiuf
D:4 Grinder
Lair:3 exclusion: 4 oklob plants
Vaults:1 2 transporters, exclusion: obsidian statue
Depths:1 3 runed translucent doors


Innate Abilities, Weirdness & Mutations

You cannot wear most types of armour.
You are amphibious.
You can wear up to eight rings at the same time.
Your skin changes colour to match your surroundings (Stealth+).
Your rubbery body absorbs attacks. (AC +1, EV +1)
((You are camouflaged when in or above water. (Stealth+)))
You have tentacles for arms and can constrict up to eight enemies at once.


Message History

Vehumet accepts your kill.
You feel your power returning.
You hear an angry hiss.
Unknown command.
Things that are here:
a +0 mace; a +0 robe
Things that are here:
a +0 ring mail; a +0 hand axe
There is a stone staircase leading up, spattered with blood here.
You climb upwards.
There is a stone staircase leading down, spattered with blood here.
There is an escape hatch in the ceiling here.
A mysterious force pulls you upwards. The hatch slams shut behind you.
There is a stone staircase leading up here.
You climb upwards.
There is a stone staircase leading down here.
There is an open door here.
There is a stone staircase leading up, spattered with blood here.
You climb upwards.
There is a stone staircase leading down here.
There is a stone staircase leading up here.
You climb upwards.
Level annotation: Grinder
There is a stone staircase leading down here.
There is a stone staircase leading up here.
You climb upwards.
Level annotation: 1 runed translucent door, Crazy Yiuf
There is a stone staircase leading down here.
There is a stone staircase leading up here.
You climb upwards.
There is a stone staircase leading down here.
You see here a +0 spear.
There is a stone staircase leading up here.
You climb upwards.
There is a stone staircase leading down here.
There is an empty arch of ancient stone here.
You enter the deep water.
A Seneta and a lich come into view.
There is a staircase leading out of the dungeon here.
You have escaped!

...#.# #...≈...# #.#.####..
##.#.# #.8.≈.8.# #.#.##...#
##.#.########.L.≈...# #.#......#
...........##.⌠.≈.⌠.# #.#..#.##.
##.#.#####.##...≈&..# #.#..#.###
.....# #.##.8.≈.8.####.#..#.# #
.....# #..#...≈...#....#..#.###
###..##########...########.......
#...........##@##########.#..##
#.##############.....%.....#.#
#.# ########.###..# #.# ######.##
##.## #.# #......# #..# #.#
#.####)## ##... #.# ##########.#
##.###...# #.# #..........#
##...#... #.# #.##########
########


You could see Seneta and a lich (wandering).

Vanquished Creatures
  the Royal Jelly (Slime:5)
  5 dread liches
  7 orbs of fire (Zot:5)
  An ancient lich (Zot:5)
  A juggernaut (Depths:4)
  A Killer Klown (Zot:5)
  Saint Roka (Vaults:3)
  Margery (Vaults:3)
  5 golden dragons
  Arachne (Spider:3)
  Norris (Vaults:3)
  4 electric golems
  9 tentacled monstrosities
  A Brimstone Fiend (D:10)
  Rupert (Orc:2)
  25 Orb Guardians (Zot:5)
  Asterion (Vaults:3)
  4 liches
  2 deep elf master archers (Elf:3)
  4 titans (Vaults:5)
  3 deep elf blademasters
  A walking divine tome (Depths:3)
  7 acid blobs (Slime:5)
  3 Executioners
  A tentacled starspawn (Abyss:2)
  5 death cobs
  A kraken (Abyss:2)
  6 sphinxes
  Frances (Spider:1)
  Gastronok (D:8)
  9 tengu reavers
  2 draconian monks
  2 thorn hunters
  7 storm dragons
  4 shadow dragons
  Aizul (Swamp:4)
  A daeva (Depths:4)
  Agnes (D:15)
  4 rockslimes (Slime:5)
  5 draconian knights
  Donald (Swamp:1)
  5 fenstrider witches (Swamp:4)
  8 emperor scorpions
  10 azure jellies
  7 fire giants
  5 deep elf elementalists (Elf:3)
  A balrug (Abyss:2)
  An imperial myrmidon (Desolation)
  9 deep elf sorcerers
  8 ghost moths
  3 frost giants
  12 vault wardens
  A ghost moth (shapeshifter) (Vaults:5)
  A draconian scorcher (Zot:4)
  4 draconian annihilators
  3 war gargoyles
  2 draconian stormcallers
  8 quicksilver oozes (Slime:5)
  A cacodemon (D:10)
  4 draconian shifters
  16 very ugly things
  A caustic shrike skeleton (Depths:1)
  10 ironbound preservers
  3 spriggan defenders (Depths:3)
  A quicksilver ooze (shapeshifter) (Vaults:4)
  3 angels
  A broodmother (Spider:2)
  19 stone giants
  8 formless jellyfish
  8 ironbound thunderhulks
  A halazid warlock (Desolation)
  10 green draconians
  5 deep elf demonologists
  8 black draconians
  2 eleionomae (Swamp:3)
  2 vampire knights
  7 red draconians
  4 dire elephants
  3 white draconians
  12 deep elf annihilators
  3 purple draconians
  5 yellow draconians
  2 green deaths (Swamp:4)
  5 bunyips
  5 spark wasps (Depths:4)
  A merfolk javelineer (Depths:1)
  3 crystal guardians (Desolation)
  11 ettins
  6 deep elf death magi
  10 deep elf high priests
  3 shambling mangroves
  8 great orbs of eyes
  10 fire dragons
  Josephine (Spider:1)
  3 ragged hierophants (Desolation)
  2 rakshasas
  3 entropy weavers
  Harold (D:9)
  11 yaktaur captains
  6 servants of whispers (Desolation)
  32 vault guards
  12 centaur warriors
  14 hydras
  10 ice dragons
  5 ogre magi
  2 caustic shrike simulacra (IceCv)
  10 peacekeepers
  A spriggan skeleton (Depths:1)
  6 spriggan air magi
  A death knight (D:14)
  14 jorogumos
  2 catoblepae
  4 ghost crabs (Swamp:2)
  6 radroaches
  4 ironbound frosthearts
  17 alligators
  3 boulder beetles
  25 dancing weapons
  8 deep troll earth magi
  7 two-headed ogres
  3 vampire magi
  6 deep troll shamans
  6 tengu warriors
  5 demonic crawlers
  Urug (Lair:5)
  17 deep elf knights
  4 death yaks (Lair:4)
  5 orc high priests (Orc:2)
  A soul eater (Swamp:3)
  9 spriggan berserkers
  11 hell knights
  Sonja (Lair:1)
  16 spriggans
  3 skysharks
  A fire crab (shapeshifter) (Elf:1)
  5 pharaoh ants
  4 sixfirhies
  A sun moth (Spider:4)
  7 iron trolls
  7 spriggan druids
  2 orange crystal statues (IceCv)
  14 orb spiders
  29 deep trolls
  A deep troll (shapeshifter) (Vaults:5)
  2 flayed ghosts
  3 glowing orange brains
  10 bog bodies
  3 death drakes (Swamp:4)
  13 wizards
  9 goliath frogs
  17 deep elf archers
  12 lindwurms
  17 ironbound convokers
  3 phantasmal warriors (Vaults:5)
  29 deep elf pyromancers
  31 deep elf zephyrmancers
  7 orc knights
  5 necromancers
  4 steelbarb worms
  2 swamp dragons (Swamp:2)
  A wolf spider (shapeshifter) (Vaults:5)
  A harpy (Vaults:4)
  A shadow dragon skeleton (Vaults:4)
  29 wolf spiders
  32 ugly things
  7 orc sorcerers
  7 will-o-the-wisps
  2 cyclopes
  6 shining eyes
  19 moths of wrath
  7 manticores
  A tengu skeleton (Vaults:4)
  12 elephants
  A cyclops (shapeshifter) (Vaults:5)
  A guardian serpent (shapeshifter) (Vaults:5)
  5 guardian serpents (Desolation)
  5 black mambas
  23 vault sentinels
  2 gargoyles
  2 orange demons (Swamp:4)
  A smoke demon (Abyss:2)
  6 molten gargoyles
  3 eyes of devastation
  14 cane toads
  5 torpor snails
  Jeremiah (D:9)
  37 yaktaurs
  3 rime drakes
  6 freezing wraiths
  8 komodo dragons
  A hellion (Depths:3)
  3 kobold demonologists (D:11)
  Psyche (D:9)
  An ice devil (Depths:2)
  An efreet (D:14)
  2 ancient zymes (Abyss:2)
  A golden dragon simulacrum (IceCv)
  3 tengu conjurers
  8 bloated husks
  3 meliai (Spider:4)
  2 hellwings (Swamp:4)
  6 trolls
  2 polar bears
  A harpy skeleton (Abyss:2)
  9 tyrant leeches
  2 raiju (Abyss:2)
  31 tarantellas
  5 alligator simulacra (IceCv)
  17 hornets
  69 saltlings (Desolation)
  3 blink frogs (Lair:1)
  4 large abominations
  69 slime creatures
  An ettin skeleton (Depths:1)
  37 jumping spiders
  A shadow (D:11)
  12 water elementals
  A ynoxinul (Abyss:2)
  49 yaks
  2 vampires (D:11)
  3 dire elephant simulacra (IceCv)
  9 humans (D:13)
  10 wraiths
  24 culicivoras
  8 basilisks
  6 wyverns
  7 golden eyes (Slime:5)
  A steam dragon (D:9)
  3 fire elementals
  43 redbacks
  20 vampire mosquitoes
  3 chaos spawn
  3 wargs
  12 swamp worms
  2 harpy simulacra (IceCv)
  2 acid dragons (D:12)
  2 small abominations (Abyss:2)
  15 water moccasins
  2 human skeletons (Vaults:4)
  A hydra simulacrum (IceCv)
  3 hell hounds (Lair:5)
  A swamp drake (Swamp:2)
  39 orc warriors
  An ice beast (shapeshifter) (Elf:3)
  A sky beast (D:8)
  6 boggarts
  An ettin simulacrum (IceCv)
  5 ogres
  6 wolves (Lair:3)
  4 centaurs
  A phantom (D:6)
  12 bullfrogs
  5 kobold brigands
  Blork the orc (D:4)
  An earth elemental (Elf:2)
  4 scorpions
  A water moccasin zombie (Ossuary)
  5 wights (D:9)
  8 killer bees (D:8)
  11 electric eels
  6 howler monkeys
  A human simulacrum (Vaults:4)
  4 lava snakes (Lair:5)
  3 hounds
  A jelly (Lair:5)
  31 orc priests
  A gnoll bouda (D:6)
  2 sleepcaps
  3 iguanas
  22 orc wizards
  Ijyb (D:4)
  5 hell rats (Lair:2)
  3 mummies
  11 gnolls
  12 adders
  4 river rats (Sewer)
  3 white imps
  3 ufetubi
  10 adder zombies (Ossuary)
  A worm (D:2)
  3 dart slugs
  105 orcs
  6 endoplasms
  5 giant cockroaches
  3 gnoll zombies (Ossuary)
  8 goblins
  4 hobgoblins
  4 jackals (D:2)
  6 quokkas
  11 ball pythons
  4 bats
  3 frilled lizards
  A goblin zombie (D:4)
  5 hobgoblin zombies (Ossuary)
  35 kobolds
  6 kobold zombies
  3 orc zombies
  A quokka zombie (D:4)
  13 rats
  A fire vortex (Zot:3)
  A spectral weapon (Vaults:3)
  A tentacle (Abyss:2)
2210 creatures vanquished.

Vanquished Creatures (collateral kills)
  A dread lich (Zot:5)
  An ancient lich (Zot:5)
  A Killer Klown (Zot:5)
  2 tentacled monstrosities
  An Orb Guardian (Zot:5)
  An acid blob (Slime:5)
  2 frost giants
  A black draconian (Zot:3)
  A bunyip (Swamp:2)
  A deep troll (Depths:2)
  A glowing orange brain (Slime:4)
  A will-o-the-wisp (Swamp:2)
  A golden eye (Slime:5)
  A water moccasin zombie (Ossuary)
  An orc wizard (D:9)
  An adder (D:2)
  A white imp (D:4)
  2 orcs
  2 ball pythons
  A bat (D:3)
  A gnoll zombie (Ossuary)
  4 hobgoblin zombies (Ossuary)
  A kobold (Sewer)
  An orc zombie (Ossuary)
  7 rats (Sewer)
38 creatures vanquished.

Vanquished Creatures (others)
  A bog body (Swamp:2)
  2 bloated husks (Swamp:4)
  A spriggan (Swamp:4)
  A human (D:13)
  159 fire vortices
  12 foxfires
  4 starspawn tentacles (Abyss:2)
  11 tentacles (Abyss:2)
191 creatures vanquished.

Grand Total: 2439 creatures vanquished

Notes
Turn   | Place    | Note
-------+----------+-------------------------------------------
     0 | D:1      | D12ThenQuit the Octopode Necromancer began the quest for
                  | the Orb.
     0 | D:1      | Reached XP level 1. HP: 11/11 MP: 3/3
   396 | D:1      | Reached XP level 2. HP: 17/17 MP: 1/5
  1179 | D:2      | Reached XP level 3. HP: 22/22 MP: 1/6
  1282 | D:2      | Reached skill level 1 in Fighting
  1743 | D:2      | Reached XP level 4. HP: 29/29 MP: 3/8
  2418 | D:3      | Learned a level 2 spell: Poisonous Vapours
  2622 | D:3      | Reached skill level 1 in Poison Magic
  2622 | D:3      | Reached XP level 5. HP: 31/34 MP: 5/9
  2694 | D:3      | Reached skill level 1 in Air Magic
  2743 | D:3      | Found a glowing drain.
  2767 | Sewer    | Entered a sewer
  2784 | Sewer    | Learned a level 3 spell: Vampiric Draining
  3119 | Sewer    | Noticed a kobold brigand
  3157 | Sewer    | Killed a kobold brigand
  3158 | Sewer    | Reached XP level 6. HP: 37/39 MP: 3/11
  3896 | D:3      | Found a runed translucent door.
  3897 | D:3      | Noticed Crazy Yiuf
  3984 | D:3      | Found a radiant altar of Vehumet.
  3990 | D:3      | Became a worshipper of Vehumet
  4008 | D:3      | Found a bloodstained altar of Trog.
  4009 | D:3      | Found a broken altar of Ashenzari.
  4010 | D:3      | Found an iron altar of Okawaru.
  4011 | D:3      | Found a basalt altar of Yredelemnul.
  4300 | D:4      | Noticed Ijyb
  4305 | D:4      | Noticed Grinder
  4306 | D:4      | Killed Ijyb
  4358 | D:4      | Reached XP level 7. HP: 43/45 MP: 2/13
  4380 | D:4      | Learned a level 4 spell: Olgreb's Toxic Radiance
  4485 | D:4      | Reached skill level 5 in Spellcasting
  4491 | D:4      | Noticed Blork the orc
  4505 | D:4      | Killed Blork the orc
  4540 | D:4      | Reached skill level 5 in Poison Magic
  4699 | D:4      | Found a sand-covered staircase.
  4706 | Ossuary  | Entered an ossuary
  4731 | Ossuary  | Learned a level 1 spell: Magic Dart
  4735 | Ossuary  | Learned a level 3 spell: Mephitic Cloud
  4740 | Ossuary  | Learned a level 2 spell: Call Imp
  4864 | Ossuary  | Reached skill level 1 in Conjurations
  4914 | Ossuary  | Reached * piety under Vehumet
  4914 | Ossuary  | Offered knowledge of Shock by Vehumet.
  4983 | Ossuary  | Reached XP level 8. HP: 50/50 MP: 12/16
  5061 | Ossuary  | Learned a level 1 spell: Shock
  5191 | D:4      | Offered knowledge of Sandblast by Vehumet.
  5268 | D:4      | Reached ** piety under Vehumet
  5688 | D:5      | Entered Level 5 of the Dungeon
  5688 | D:5      | Found a white marble altar of Elyvilon.
  5962 | D:5      | Found a staircase to the Ecumenical Temple.
  7075 | D:6      | Offered knowledge of Inner Flame by Vehumet.
  7076 | D:6      | Reached skill level 5 in Conjurations
  7143 | D:6      | Reached XP level 9. HP: 45/54 MP: 8/17
  7151 | D:6      | Reached skill level 5 in Air Magic
  7302 | D:6      | Reached *** piety under Vehumet
  8228 | D:7      | Found Jaemnoud's Antique Weapon Boutique.
  8811 | D:8      | Offered knowledge of Dazzling Flash by Vehumet.
  8870 | D:8      | Identified the +1 pair of boots "Bofotar" {Rampage rC+
                  | Dex+5}
  8967 | D:8      | Reached XP level 10. HP: 60/60 MP: 12/23
  9143 | D:8      | Noticed Gastronok
  9152 | D:8      | Reached **** piety under Vehumet
  9276 | D:8      | Killed Gastronok
  9277 | D:8      | Reached skill level 10 in Spellcasting
  9682 | D:9      | Noticed Harold
  9692 | D:9      | Noticed Psyche
  9706 | D:8      | Offered knowledge of Ignite Poison by Vehumet.
  9985 | D:9      | Killed Psyche
 10083 | D:9      | Found a staircase to the Lair.
 10281 | D:9      | Reached XP level 11. HP: 70/70 MP: 20/25
 10301 | D:9      | Paralysed by Harold for 4 turns
 10500 | D:8      | Reached skill level 5 in Fighting
 10500 | D:8      | Reached skill level 5 in Dodging
 10684 | D:9      | Killed Harold
 10700 | D:9      | Learned a level 3 spell: Ignite Poison
 11024 | D:9      | Noticed Jeremiah
 11062 | D:9      | Killed Jeremiah
 11086 | D:9      | Reached ***** piety under Vehumet
 11171 | D:9      | Found a staircase to the Orcish Mines.
 11572 | D:9      | Offered knowledge of Fireball by Vehumet.
 11652 | D:10     | Entered Level 10 of the Dungeon
 11996 | D:10     | Found Zammiam's Tiny Tomes.
 12730 | D:10     | Learned a level 5 spell: Fireball
 12792 | D:11     | Reached skill level 1 in Fire Magic
 13118 | D:11     | Found Fentod's Antique Weapon Shoppe.
 13124 | D:11     | Bought a smoking scimitar for 207 gold pieces
 13124 | D:11     | Identified the +5 scimitar "Bala" {freeze, rN++} (You
                  | bought it in a shop on level 11 of the Dungeon)
 13238 | D:11     | Noticed a two-headed ogre
 13248 | D:11     | Killed a two-headed ogre
 13530 | D:11     | Reached XP level 12. HP: 82/82 MP: 20/26
 13574 | D:11     | Found the +8 trident of the Octopus King {venom, rElec
                  | rPois}
 14331 | D:12     | Noticed a two-headed ogre
 14332 | D:12     | Noticed a two-headed ogre
 14332 | D:12     | Noticed a two-headed ogre
 14332 | D:12     | Noticed a two-headed ogre
 14334 | D:12     | Noticed a two-headed ogre
 14339 | D:12     | Killed a two-headed ogre
 14339 | D:12     | Killed a two-headed ogre
 14339 | D:12     | Killed a two-headed ogre
 14341 | D:12     | Killed a two-headed ogre
 14341 | D:12     | Killed a two-headed ogre
 14342 | D:12     | Reached skill level 5 in Fire Magic
 14569 | D:12     | Noticed a centaur warrior
 14718 | D:12     | Found a glowing silver altar of Zin.
 14728 | D:12     | Learned a level 4 spell: Iskenderun's Mystic Blast
 14765 | D:12     | Reached skill level 1 in Translocations
 14914 | D:12     | Noticed a boulder beetle
 14917 | D:12     | Killed a boulder beetle
 14981 | D:12     | Noticed an ogre mage
 14981 | D:12     | Noticed a two-headed ogre
 14985 | D:12     | Killed an ogre mage
 14987 | D:12     | Killed a two-headed ogre
 14988 | D:12     | Reached skill level 5 in Polearms
 15125 | D:12     | Killed a centaur warrior
 15127 | D:12     | Reached XP level 13. HP: 15/88 MP: 15/27
 15488 | Lair:1   | Entered Level 1 of the Lair of Beasts
 15602 | Lair:1   | Noticed Sonja
 15608 | Lair:1   | Killed Sonja
 15868 | Lair:1   | Identified the +8 mace of Causality {drain, rC- Str+7
                  | Dex+3}
 16204 | Lair:1   | You fall into a shaft and drop 1 floor!
 16403 | Lair:2   | Found a hole to the Spider Nest.
 16974 | Lair:1   | Reached skill level 5 in Translocations
 17790 | Lair:3   | Offered knowledge of Orb of Destruction by Vehumet.
 18270 | Lair:3   | Found a staircase to the Swamp.
 19253 | Lair:3   | Learned a level 7 spell: Orb of Destruction
 19473 | Lair:4   | Reached XP level 14. HP: 87/97 MP: 24/29
 19642 | Lair:4   | Reached skill level 10 in Conjurations
 20211 | Lair:5   | Entered Level 5 of the Lair of Beasts
 20474 | Lair:5   | Noticed Urug
 20496 | Lair:5   | Killed Urug
 20553 | Lair:5   | Found a viscous altar of Jiyva.
 20554 | Lair:5   | Found a staircase to the Slime Pits.
 20697 | Lair:5   | Offered knowledge of Ozocubu's Refrigeration by Vehumet.
 21158 | Lair:5   | Found a large runed translucent door.
 21312 | Lair:5   | Found a large runed translucent door.
 21363 | Lair:5   | Learned a level 4 spell: Passage of Golubria
 22516 | D:13     | Identified a scroll of acquirement
 22517 | D:13     | Acquired 1270 gold pieces
 22668 | D:13     | Found a gate to the Vaults.
 22991 | Orc:1    | Entered Level 1 of the Orcish Mines
 23192 | Orc:2    | Entered Level 2 of the Orcish Mines
 23319 | Orc:2    | Found a staircase to the Elven Halls.
 23348 | Orc:2    | Offered knowledge of Plasma Beam by Vehumet.
 23362 | Orc:2    | Reached XP level 15. HP: 90/102 MP: 21/30
 23646 | Orc:2    | Found Nocosh's Weapon Shop.
 23649 | Orc:2    | Found Risiamer's Jewellery Boutique.
 23650 | Orc:2    | Found Xaecief's Assorted Antiques.
 23651 | Orc:2    | Found Kuh Wulu's Assorted Antiques.
 23655 | Orc:2    | Bought a slimy ruby amulet for 105 gold pieces
 23655 | Orc:2    | Identified the amulet of Abogom {RegenMP Harm rElec Will-
                  | Int+6} (You bought it in a shop on level 2 of the Orcish
                  | Mines)
 23657 | Orc:2    | Bought the ring of Issoehore {rC+ rCorr EV+5} for 889 gold
                  | pieces
 23659 | Orc:2    | Bought an orange potion for 26 gold pieces
 23659 | Orc:2    | Bought a glowing amethyst potion for 26 gold pieces
 23659 | Orc:2    | Bought a scroll of identify for 58 gold pieces
 23754 | Orc:2    | Noticed Rupert
 23758 | Orc:2    | Killed Rupert
 23799 | Orc:2    | Found Ida Wiustra's Jewellery Boutique.
 23812 | Orc:2    | Bought a +5 ring of evasion for 576 gold pieces
 24057 | Orc:1    | Found Pidwiajo's Assorted Antiques.
 24396 | Orc:2    | Bought a ring of magical power for 320 gold pieces
 25049 | D:14     | Found an opulent altar of Gozag.
 25062 | D:14     | Found Gozag's Platinum Reserve.
 25644 | D:14     | Reached skill level 10 in Polearms
 25682 | D:14     | Reached skill level 15 in Conjurations
 25774 | D:14     | Found the +8 Wrath of Trog {antimagic, *Rage Rampage}
 26264 | D:15     | Entered Level 15 of the Dungeon
 26264 | D:15     | Noticed Agnes
 26274 | D:15     | Killed Agnes
 26505 | D:15     | Found a staircase to the Depths.
 26558 | D:15     | Reached ****** piety under Vehumet
 26787 | D:15     | Reached skill level 10 in Fighting
 26874 | D:15     | Reached skill level 10 in Dodging
 26874 | D:15     | Reached XP level 16. HP: 109/109 MP: 31/31
 27332 | D:15     | Offered knowledge of Arcjolt by Vehumet.
 27658 | Spider:1 | Entered Level 1 of the Spider Nest
 27810 | Spider:1 | Noticed Josephine
 27818 | Spider:1 | Killed Josephine
 28449 | Spider:1 | Identified the +3 chain mail of Gluttony {rN+}
 28618 | Spider:1 | Noticed Frances
 28625 | Spider:1 | Killed Frances
 29193 | Spider:2 | HP: 2/112 [wolf spider[a jorogumo] (7)]
 29641 | Swamp:1  | Entered Level 1 of the Swamp
 29741 | Swamp:1  | Noticed Donald
 29747 | Swamp:1  | Killed Donald
 29857 | Swamp:1  | Found Tummuat's Island Escapes.
 29880 | Swamp:1  | Bought a scroll of blinking for 82 gold pieces
 30720 | Swamp:2  | Offered knowledge of Starburst by Vehumet.
 31145 | Swamp:2  | Reached XP level 17. HP: 100/119 MP: 23/32
 32846 | Swamp:3  | Found a frozen archway.
 32954 | IceCv    | Entered an ice cave
 33787 | Swamp:4  | Entered Level 4 of the Swamp
 34159 | Swamp:4  | Offered knowledge of Maxwell's Capacitive Coupling by
                  | Vehumet.
 34479 | Swamp:4  | Noticed Aizul
 34485 | Swamp:4  | Killed Aizul
 34610 | Swamp:4  | Reached XP level 18. HP: 128/128 MP: 34/34
 35331 | Swamp:4  | Noticed a tentacled monstrosity
 35355 | Swamp:4  | Killed a tentacled monstrosity
 35530 | Swamp:4  | Learned a level 6 spell: Starburst
 35631 | Swamp:4  | Got a decaying rune of Zot
 35670 | Swamp:4  | Paralysed by a fenstrider witch for 3 turns
 36230 | Elf:1    | Entered Level 1 of the Elven Halls
 36256 | Elf:1    | Found Rixtoyr's Assorted Antiques.
 36274 | Elf:1    | Bought a shimmering iron ring for 175 gold pieces
 36274 | Elf:1    | Identified the ring "Zicaplua" {rF+ Int+5} (You bought it
                  | in a shop on level 1 of the Elven Halls)
 36281 | Elf:1    | Bought an encrusted golden ring for 175 gold pieces
 36283 | Elf:1    | Bought a glass wand for 140 gold pieces
 36355 | Elf:1    | Found Nufil's Armour Shoppe.
 36969 | Elf:1    | Found Wykk's Book Shoppe.
 37554 | Elf:1    | Offered knowledge of Shatter by Vehumet.
 37554 | Elf:1    | Offered knowledge of Polar Vortex by Vehumet.
 37554 | Elf:1    | Offered knowledge of Ignition by Vehumet.
 37674 | Elf:1    | Found Iruabri's Assorted Antiques.
 37733 | Elf:1    | Found Lovough's General Store.
 37743 | Elf:1    | Bought a potion of heal wounds for 75 gold pieces
 38147 | Elf:2    | Reached skill level 10 in Fire Magic
 38370 | Elf:2    | Found a runed translucent gate.
 38371 | Elf:2    | Found a runed translucent gate.
 38371 | Elf:2    | Found a runed translucent gate.
 38497 | Elf:2    | Reached XP level 19. HP: 135/135 MP: 36/36
 39607 | Elf:3    | Entered Level 3 of the Elven Halls
 39687 | Elf:3    | Found Dookli's Book Shoppe.
 39710 | Elf:3    | Bought a book of Spatial Translocations for 324 gold pieces
 39713 | Elf:3    | Learned a level 2 spell: Blink
 39942 | Elf:3    | Found Qot Xuso's Magic Scroll Shop.
 40810 | Elf:3    | Identified the +1 falchion "Giantslayer" {pain, Drain Will+
                  | Str+3 Int+3}
 40811 | Elf:3    | Identified the +1 battleaxe of Rujiux {speed, Int+3 Dex+2}
 40816 | Abyss:2  | Cast into level 2 of the Abyss (a deep elf sorcerer)
 40924 | Abyss:2  | Learned a level 2 spell: Passwall
 40932 | Abyss:2  | Found a corrupted altar of Lugonu.
 40943 | Abyss:2  | Found a corrupted altar of Lugonu.
 41037 | Abyss:2  | Found a corrupted altar of Lugonu.
 41159 | Abyss:2  | Reached skill level 5 in Stealth
 41169 | Elf:3    | Escaped the Abyss
 41554 | Elf:3    | Identified the +9 short sword of the Hidden Vale {freeze,
                  | Will++ Str+2 Stlth-}
 41686 | Elf:3    | Reached skill level 10 in Stealth
 42076 | Elf:3    | Reached XP level 20. HP: 142/142 MP: 37/37
 42079 | Elf:3    | Identified the staff "Bobipnaf" {rPois rC+ Str+2 Int+4 Ice}
 42182 | Elf:3    | Reached skill level 15 in Fire Magic
 42293 | Elf:3    | Identified the +4 plate armour of Angor {Rampage +Inv rCorr
                  | Int-3}
 42315 | Elf:3    | Got a parchment book
 42358 | Elf:3    | Got a moth-eaten book
 42376 | Elf:3    | Identified the +0 ring mail of the Raven {Harm rPois rF+}
 42503 | Elf:3    | Bought a scroll of acquirement for 936 gold pieces
 42504 | Elf:3    | Acquired a staff of fire
 42793 | Vaults:1 | Entered Level 1 of the Vaults
 42912 | Abyss:2  | Cast into level 2 of the Abyss (a wizard)
 42931 | Abyss:2  | Found a corrupted altar of Lugonu.
 43011 | Vaults:1 | Escaped the Abyss
 44193 | Vaults:1 | Found a transporter.
 44207 | Vaults:1 | Found a transporter.
 44207 | Vaults:1 | Found the +3 warlock's mirror {omnireflect}
 45892 | Vaults:2 | Reached skill level 15 in Fighting
 45909 | Vaults:2 | Learned a level 8 spell: Ignition
 47075 | Vaults:3 | Found a glowing golden altar of the Shining One.
 47075 | Vaults:3 | Found a crumbling gateway.
 47075 | Vaults:3 | Found a glowing silver altar of Zin.
 47108 | Vaults:3 | Found a white marble altar of Elyvilon.
 47218 | Desolati | Entered the Desolation of Salt
 47292 | Desolati | Reached skill level 15 in Spellcasting
 47353 | Desolati | Reached XP level 21. HP: 142/153 MP: 40/40
 47396 | Desolati | Identified the ring of Lilacs {rPois rCorr Str+3}
 47596 | Desolati | Identified the +1 plate armour of Majestic Birdsong
                  | {Rampage}
 47690 | Desolati | Identified the +0 chain mail of Articulation {rF+ rCorr
                  | Int+3 Dex+2}
 47972 | Desolati | Got a moldy book
 47973 | Desolati | Identified the amulet of Jaonuj {RegenMP Contam Dex+4}
 47975 | Desolati | Identified the ring "Voic Nad" {rPois Int+3 Dex+6}
 47987 | Desolati | Identified the +8 dagger of the Several Songs {drain, rC+
                  | Int+4 SInv}
 48229 | Desolati | Found the +3 Elemental Staff {ele, rElec rF+ rC+ AC+3}
 48327 | Desolati | Identified the +9 falchion of the Sage {freeze, Dex+2}
 48337 | Desolati | Identified the staff of Grandeur {rN+ Str+4 Dex+3 SInv
                  | Stlth+ Necro}
 48437 | Vaults:3 | Upgraded the game from 0.31-a0-851-g7ff8af7976 to
                  | 0.31-a0-854-g362426d53f
 48481 | Vaults:3 | Noticed Margery
 48492 | Vaults:3 | Killed Margery
 48637 | Vaults:3 | Noticed Saint Roka
 48646 | Vaults:3 | Killed Saint Roka
 48868 | Vaults:3 | Noticed Norris
 48894 | Vaults:3 | Killed Norris
 48928 | Vaults:3 | Noticed Asterion
 48934 | Vaults:3 | Killed Asterion
 49614 | Elf:1    | Bought a scroll of enchant weapon for 262 gold pieces
 49681 | Elf:3    | Bought a scroll of enchant weapon for 135 gold pieces
 51142 | Spider:3 | Reached XP level 22. HP: 139/164 MP: 29/41
 51630 | Spider:3 | Noticed Arachne
 51638 | Spider:3 | Killed Arachne
 52024 | Spider:4 | Entered Level 4 of the Spider Nest
 52625 | Spider:4 | Found the +4 robe of Augmentation {Str+4 Int+4 Dex+4}
 52638 | Spider:4 | Got a gossamer rune of Zot
 53716 | Vaults:3 | Found a staircase to the Crypt.
 53716 | Vaults:3 | Found a basalt altar of Yredelemnul.
 53717 | Vaults:3 | Found an ancient bone altar of Kikubaaqudgha.
 53820 | Vaults:3 | You fall into a shaft and drop 1 floor!
 55194 | Vaults:4 | Found the +18 shield of the Gong {Loud rN+ Will+ rCorr
                  | EV-5}
 55445 | Vaults:4 | Found Kotuum's Book Shoppe.
 55472 | Vaults:4 | Reached XP level 23. HP: 176/176 MP: 42/42
 55687 | Vaults:5 | Entered Level 5 of the Vaults
 56054 | Vaults:5 | Found the ring of the Mage {Wiz Archmagi}
 56165 | Vaults:5 | Identified the staff "Ceir" {rPois rF+ Int+4 Fire}
 56183 | Vaults:5 | Found the +8 Vampire's Tooth {megavamp}
 56185 | Vaults:5 | Identified the ring "Aschaano" {Fly rPois rF- rC+ Stlth+}
 56221 | Vaults:5 | Identified the +7 halberd of the Doomed Warrior {elec, rC+
                  | Stlth+}
 56232 | Vaults:5 | Identified the staff of Actus Reus {rElec Int+4 Air}
 56600 | Vaults:5 | Noticed a dread lich
 56604 | Vaults:5 | Paralysed by a dread lich for 5 turns
 56614 | Vaults:5 | Killed a dread lich
 56755 | Vaults:5 | Found Fonuisof's Book Boutique.
 56821 | Vaults:5 | Got a moldy book
 56990 | Vaults:5 | Got a thrumming book
 57006 | Vaults:5 | Got a silver rune of Zot
 57490 | Vaults:5 | Upgraded the game from 0.31-a0-854-g362426d53f to
                  | 0.31-a0-859-g9dce7d3444
 57667 | Depths:1 | Entered Level 1 of the Depths
 57934 | Depths:1 | Found a gateway to Hell.
 57978 | Depths:1 | Found a hide-covered altar of Uskayaw.
 57991 | Depths:1 | Identified the +2 robe "Paozeifor" {Str+6 Stlth+}
 58207 | Depths:1 | Found Misy's Antique Weapon Shop.
 58327 | Depths:1 | Reached XP level 24. HP: 171/182 MP: 35/43
 58453 | Depths:1 | Found a runed translucent gate.
 58453 | Depths:1 | Found a runed translucent gate.
 58453 | Depths:1 | Found a runed translucent gate.
 58500 | Depths:1 | Found a runed translucent gate.
 58500 | Depths:1 | Found a runed translucent gate.
 58500 | Depths:1 | Found a runed translucent gate.
 58506 | Depths:1 | Identified the +1 longbow "Gih Oplakh" {flame, +Blink rC+
                  | Int+4}
 58508 | Depths:1 | Identified the +3 lajatang of Wu Jian's Hope {flame, Will-
                  | Str+3 Dex+5}
 58649 | Depths:1 | Identified the +0 pair of gloves "Rousm" {rElec Dex+3
                  | Stlth-}
 58931 | Depths:2 | Found a broken altar of Ashenzari.
 58947 | Depths:2 | Learned a level 9 spell: Fire Storm
 59378 | Depths:2 | Found a one-way gate leading to the halls of Pandemonium.
 59961 | Depths:3 | Found a one-way gate to the infinite horrors of the Abyss.
 60936 | Depths:4 | Entered Level 4 of the Depths
 60936 | Depths:4 | Noticed a juggernaut
 60984 | Depths:4 | Reached skill level 15 in Dodging
 61099 | Depths:4 | Found a gate to the Realm of Zot.
 61167 | Depths:4 | Found a one-way gateway to a ziggurat.
 61252 | Depths:4 | Reached XP level 25. HP: 189/189 MP: 43/45
 61498 | Depths:4 | Killed a juggernaut
 62268 | Slime:1  | Entered Level 1 of the Pits of Slime
 62347 | Slime:3  | Reached skill level 15 in Stealth
 62484 | Slime:5  | Entered Level 5 of the Pits of Slime
 62585 | Slime:5  | Found a viscous altar of Jiyva.
 62674 | Slime:5  | Noticed the Royal Jelly
 62678 | Slime:5  | Killed the Royal Jelly
 62719 | Slime:5  | Identified the ring "Yweuxt" {rF+ rC+ Dex+5}
 62768 | Slime:5  | Identified the ring "Cinoaps" {*Slow Fly rElec rPois Str+4}
 62777 | Slime:5  | Found the +8 frozen axe "Frostbite" {freeze, freezing
                  | cloud, *Noise Fly rC+}
 62803 | Slime:5  | Got a slimy rune of Zot
 63225 | Zot:1    | Entered Level 1 of the Realm of Zot
 63943 | Zot:5    | Entered Level 5 of the Realm of Zot
 64257 | Zot:5    | Reached XP level 26. HP: 195/195 MP: 42/47
 64291 | Zot:5    | Noticed an orb of fire
 64297 | Zot:5    | Killed an orb of fire
 64357 | Zot:5    | Noticed an ancient lich
 64357 | Zot:5    | Noticed a dread lich
 64358 | Zot:5    | Noticed an orb of fire
 64360 | Zot:5    | Killed a dread lich
 64362 | Zot:5    | Killed an orb of fire
 64364 | Zot:5    | Killed an ancient lich
 64389 | Zot:5    | Noticed an orb of fire
 64395 | Zot:5    | Killed an orb of fire
 64411 | Zot:5    | Noticed a dread lich
 64413 | Zot:5    | Killed a dread lich
 64428 | Zot:5    | Noticed an orb of fire
 64431 | Zot:5    | Killed an orb of fire
 64454 | Zot:5    | Noticed an ancient lich
 64457 | Zot:5    | Noticed an orb of fire
 64458 | Zot:5    | Killed an ancient lich
 64460 | Zot:5    | Killed an orb of fire
 64483 | Zot:5    | Noticed an orb of fire
 64486 | Zot:5    | Killed an orb of fire
 64552 | Zot:5    | Noticed a dread lich
 64554 | Zot:5    | Killed a dread lich
 64574 | Zot:5    | Noticed an orb of fire
 64578 | Zot:5    | Killed an orb of fire
 64596 | Zot:5    | Noticed a Killer Klown
 64599 | Zot:5    | Killed a Killer Klown
 64614 | Zot:5    | Noticed a Killer Klown
 64616 | Zot:5    | Killed a Killer Klown
 64631 | Zot:5    | Noticed a dread lich
 64633 | Zot:5    | Killed a dread lich
 64689 | Zot:5    | Noticed a dread lich
 64690 | Zot:5    | Killed a dread lich
 65065 | Zot:5    | Got the Orb of Zot
 65599 | D:1      | Noticed Seneta the pandemonium lord
 65600 | D:$      | Escaped with the Orb!

Illustrated notes

Levels and vault maps discovered:
D:1:      mainiacjoe_arrival_reflecting_pool, layout_loops_ring
D:2:      layout_basic, minmay_tall_x
D:3:      layout_basic, nicolae_vehumet_altar_sigil,
          mainiacjoe_overflow_alcove_3, gup_sewer_entry_bowl,
          uniq_crazy_yiuf_cottage
D:4:      layout_cave_pods, enter_ossuary_4, uniq_grinder, uniq_ijyb,
          uniq_blork_the_orc
D:5:      layout_loops_ring, mainiacjoe_overflow_alcove_1, temple_pool_b,
          grunt_ministairs_13, kennysheep_generic_room_12
D:6:      layout_gridville, nicolae_figureground_sparkle
D:7:      minmay_spotlight, layout_rooms, serial_shops,
          nicolae_shop_overgrown_old_shop, serial_bayou_ford_a
D:8:      layout_cave_pools, minmay_mini_ossuary, uniq_gastronok
D:9:      layout_long_grid, lair_entry_dummy, erik_orc_2, special_room
          [special_room_orc], nicolae_concentric_dashed_squares_wild,
          chequers_decorated_corner, uniq_jeremiah, uniq_harold, uniq_psyche
D:10:     layout_stronghold, serial_glass, glass_columns_c, glass_columns_b,
          nicolae_shop_i_like_small_books_too
D:11:     layout_loops_ring, serial_shops, nicolae_shop_hallway_plus,
          grunt_decor_clamped
D:12:     layout_roguey, zin_statuary
D:13:     layout_irregular_city, ximxim_vaults_locker_room
D:14:     layout_grid_maze, nicolae_gozag_zags_fifth_avenue, chequers_big_river,
          minmay_guarded_unrand_wrath_of_trog
D:15:     hangedman_depths_entry_civil_slaughter, layout_basic,
          hangedman_decor_opposing, moated_statue, uniq_agnes
Lair:1:   layout_cave_pods, lemuel_fruit_fields, serial_bayou_shore_b,
          grunt_megastairs_1, uniq_sonja
Lair:2:   layout_loops_ring, spider_nest_entry_a
Lair:3:   layout_gridlike, skrybe_swamp_entry_bodies, dpeg_oklob_1
Lair:4:   layout_hall_layers, beast_lair_carwin_10
Lair:5:   cheibrodos_lair_end_hotspot, layout_concentric_octagons,
          minmay_slime_entry_pillars, uniq_urug
Swamp:1:  nicolae_swamp_ascending_descending_big, layout_basic_swamp,
          evilmike_swamp_ruin_rubble_1, nicolae_island_escapes, uniq_donald
Swamp:2:  nzn_winding_woodlands_medium [nzn_winding_woodlands_5x5_three,
          nzn_winding_woodlands_5x15_longhouse,
          nzn_winding_woodlands_5x5_open_star, nzn_winding_woodlands_hourglass,
          nzn_winding_woodlands_center_garden,
          nzn_winding_woodlands_5x5_default,
          nzn_winding_woodlands_5x5_checkerboard,
          nzn_winding_woodlands_5x15_sidewinder,
          nzn_winding_woodlands_5x5_cross], layout_basic_swamp,
          hangedman_swamp_ruin_wall
Swamp:3:  layout_basic_swamp, portal_ice_cave_entry_dragon,
          evilmike_swamp_ruin_house_3
Swamp:4:  nzn_swamp_witches_coven, layout_basic_swamp,
          nicolae_swamp_super_fun_site, infiniplex_staircase_pool, uniq_aizul
Spider:1: layout_spider_delve, uniq_josephine, uniq_frances
Spider:2: layout_spider_delve, nicolae_spider_webs_and_nodes,
          nicolae_spider_scorpion_nest
Spider:3: layout_spider_delve, nicolae_spider_world_wide_web, uniq_arachne
Spider:4: johnstein_spider_rune_arachne_lair, nicolae_spider_webbed_stairs
Slime:1:  layout_caves, special_room [special_room_jelly],
          cheibrodos_slime_lost_civilization_4
Slime:2:  layout_caves, cheibrodos_slime_lost_civilization_7
Slime:3:  layout_caves
Slime:4:  layout_caves, cheibrodos_slime_lost_civilization_6
Slime:5:  slime_pit_nicolae_jellycorners
Orc:1:    layout_caves, serial_shops, shop
Orc:2:    st_orc_pillars, layout_diamond_mine, basic_altar, serial_shops,
          nicolae_shop_temple_entry_statues_fountains, uniq_rupert
Elf:1:    layout_onion_city, serial_shops, shop, shop, nicolae_shop_peninsula,
          nicolae_shop_trees, shop, hangedman_elf_represent
Elf:2:    nicolae_elf_blades_crystal_corner, layout_onion_city,
          hangedman_elf_targeted_burst
Elf:3:    minmay_elf_hall_x, layout_loops_corners, serial_shops,
          nicolae_shop_pleasant_corner_grove, shop
Vaults:1: vaults_room_hallway, nicolae_vaults_ninety_degrees,
          grunt_vaults_diagonal, ontoclasm_vaults_shuriken,
          nicolae_vaults_trapezoid_1, nicolae_vaults_trapezoid_3,
          nicolae_vaults_closet_pinwheel_1, gammafunk_sealed_arena,
          hangedman_vaults_snaps, nicolae_vaults_apartment_1,
          nicolae_vaults_closet_pinwheel_1, layout_vaults_omnicross
Vaults:2: nicolae_vaults_swerve, nicolae_vaults_shrinking_rooms_1,
          hangedman_vaults_river_flow, v_pattern_4, nicolae_vaults_wine_cellar,
          v_misc_18, nicolae_vaults_diagonal_hallway_6, v_misc_33,
          nicolae_vaults_double_plus_3, nicolae_vaults_tetromino_L_1,
          ontoclasm_vaults_ring_square, nicolae_vaults_angled_halls,
          nicolae_vaults_trapezoid_3, layout_vaults_omnigrid
Vaults:3: portal_desolation_entry_holy_temple, nicolae_vaults_alarming,
          minmay_crypt_entry_necro_gods, nicolae_vaults_shrinking_rooms_2,
          nicolae_vaults_asterisk, vaults_room_hallway,
          nicolae_vaults_library_corner, nicolae_vaults_surprise_closet,
          layout_vaults_chaotic_city, uniq_asterion, uniq_saint_roka,
          uniq_margery, uniq_norris
Vaults:4: vaults_standard_mumra_enter_the_diamond,
          nicolae_vaults_little_squares_4, ontoclasm_vaults_idyll,
          nicolae_vaults_stepped_doors, nicolae_vaults_rhombus_6,
          nicolae_vaults_turnstiles, v_pattern_3,
          nicolae_vaults_little_squares_1, nicolae_vaults_big_angled_halls,
          hellmonk_guarded_unrand_gong, nicolae_vaults_house_1,
          nicolae_vaults_trapezoid_1, nicolae_vaults_little_squares_2, v_misc_9,
          vaults_room_door_hall, layout_vaults_maze_bifur, serial_shops,
          nicolae_square_shop
Vaults:5: serial_shops
Depths:1: kennysheep_treasure_stockpile, layout_basic, hell_entry, serial_shops,
          nicolae_shop_just_a_little_nook, nicolae_uskayaw_dance_hall,
          kennysheep_generic_room_3
Depths:2: kennysheep_spiral_hall, layout_honeycomb, hell_entry,
          rand_demon_pan_entry_4, cheibrodos_ashenzari_chains
Depths:3: minmay_bubble_buster, layout_long_grid, abyss_entry, hell_entry,
          grunt_megastairs_2
Depths:4: grunt_zot_entry_alcove, layout_basic, enter_ziggurat_c, hell_entry
Zot:1:    gammafunk_dig_for_victory, layout_basic
Zot:2:    layout_cathedral_of_symmetry
Zot:3:    layout_onion_interference
Zot:4:    layout_basic, st_stairs_2
Zot:5:    layout_misc_corridors

Skill      XL: |  1  2  3  4  5  6  7  8  9 10 11 12 13 14 15 16 17 18 19 20 21 22 23 24 25 26 |
---------------+-------------------------------------------------------------------------------+-----
Fighting       | 1 2 4 7 8 9 10 11 13 16 19 | 19.7
Spellcasting   | 3 4 5 9 10 11 12 13 15 16 18 20 | 20.0
Poison Magic   | 1 3 5 6 |  6.0
Air Magic      | 2 4 5 |  5.1
Conjurations   | 2 5 6 8 9 13 15 17 19 21 | 21.6
Dodging        | 4 7 8 9 10 11 13 15 17 | 17.0
Fire Magic     | 3 5 10 14 15 16 18 19 20 21 | 21.9
Polearms       | 5 7 11 13 14 | 14.0
Translocations | 4 5 6 7 |  7.0
Stealth        | 10 14 15 | 15.0
Necromancy     | |  4.5

Action                     |  1- 3 |  4- 6 |  7- 9 | 10-12 | 13-15 | 16-18 | 19-21 | 22-24 | 25-27 || total
---------------------------+-------+-------+-------+-------+-------+-------+-------+-------+-------++-------
  Melee: Staff             |    17 |    13 |   115 |    66 |       |       |     1 |    28 |     1 ||   241
         Constrict         |     3 |     8 |    36 |    23 |    44 |    22 |    56 |    13 |       ||   205
         Tentacles         |     2 |     3 |    30 |    34 |    93 |    78 |   111 |    44 |       ||   395
         Punch             |       |       |     2 |       |     9 |     5 |    13 |     3 |       ||    32
         Scimitar          |       |       |       |     4 |       |       |       |       |       ||     4
         Trident           |       |       |       |    23 |   355 |   267 |   388 |    96 |     3 ||  1132
  Throw: Dart              |       |       |       |       |       |     2 |       |       |       ||     2
   Cast: Necrotise         |    58 |   107 |    41 |     3 |       |       |       |       |       ||   209
         Poisonous Vapours |       |    11 |    27 |    46 |   106 |   167 |   103 |     1 |       ||   461
         Call Imp          |       |       |     8 |     1 |       |       |       |       |       ||     9
         Magic Dart        |       |       |     6 |     3 |       |       |       |       |       ||     9
         Shock             |       |       |   154 |   182 |    16 |     7 |       |       |       ||   359
         Olgreb's Toxic Ra |       |       |    13 |    38 |    73 |    55 |    52 |     2 |       ||   233
         Vampiric Draining |       |       |     3 |     4 |       |       |       |       |       ||     7
         Mephitic Cloud    |       |       |     1 |    21 |     1 |     6 |       |       |       ||    29
         Ignite Poison     |       |       |       |    24 |   116 |   138 |   119 |     2 |       ||   399
         Fireball          |       |       |       |     7 |    54 |    54 |    89 |    87 |       ||   291
         Iskenderun's Myst |       |       |       |       |     9 |    25 |    47 |    13 |     7 ||   101
         Orb of Destructio |       |       |       |       |    17 |   146 |    83 |    27 |     9 ||   282
         Passage of Golubr |       |       |       |       |     2 |     6 |     5 |       |     1 ||    14
         Blink             |       |       |       |       |       |       |     2 |       |       ||     2
         Passwall          |       |       |       |       |       |       |     1 |       |       ||     1
         Starburst         |       |       |       |       |       |       |    35 |    13 |       ||    48
         Ignition          |       |       |       |       |       |       |    67 |   246 |    67 ||   380
         Fire Storm        |       |       |       |       |       |       |       |    47 |   128 ||   175
  Evoke: Wand              |       |       |     3 |     2 |       |       |     4 |       |       ||     9
    Use: Scroll            |       |     5 |     5 |     8 |    13 |     8 |     8 |     1 |     6 ||    54
         Potion            |       |       |     2 |     7 |     2 |     6 |     5 |     5 |     3 ||    30
   Stab: Distracted        |       |       |     2 |       |     1 |     1 |     7 |     1 |       ||    12
         Sleeping          |       |       |     1 |       |    10 |     2 |     5 |     2 |       ||    20
 Armour: Skin              |    15 |    21 |   125 |   185 |   184 |   142 |   187 |   101 |    34 ||   994
  Dodge: Dodged            |    25 |    24 |   132 |   174 |   270 |   279 |   459 |   192 |    54 ||  1609

Table legend: (Time is in decaauts)
 A = Elapsed time spent in this place.
 B = Non-inter-level travel time spent in this place.
 C = Inter-level travel time spent in this place.
 D = Time resting spent in this place.
 E = Time spent auto-exploring this place.
 F = Levels seen in this place.
 G = Mean time per level.
                   A        B        C        D        E       F      G
               +--------+--------+--------+--------+--------+-----+--------+
         Total |  65401 |  59736 |   5665 |  10342 |  32875 |  58 | 1127.6 |
       Dungeon |  19159 |  17030 |   2129 |   2671 |   9510 |  15 | 1277.3 |
          Lair |   7325 |   6302 |   1023 |    787 |   4092 |   5 | 1465.0 |
         Swamp |   6090 |   5875 |    215 |   1573 |   2849 |   4 | 1522.5 |
   Spider Nest |   5324 |   4843 |    481 |    696 |   3057 |   4 | 1331.0 |
    Slime Pits |    572 |    561 |     11 |    133 |     68 |   5 |  114.4 |
  Orcish Mines |   1929 |   1411 |    518 |    164 |    882 |   2 |  964.5 |
   Elven Halls |   6173 |   5809 |    364 |   1205 |   3334 |   3 | 2057.7 |
        Vaults |   9004 |   8542 |    462 |   1542 |   5122 |   5 | 1800.8 |
        Depths |   4700 |   4331 |    369 |    273 |   3233 |   4 | 1175.0 |
           Zot |   1775 |   1687 |     88 |    550 |    335 |   5 |  355.0 |
         Abyss |    433 |    433 |      0 |     24 |      0 |   2 |  216.5 |
         Sewer |    884 |    884 |      0 |    222 |    193 |   1 |  884.0 |
       Ossuary |    456 |    456 |      0 |    124 |     12 |   1 |  456.0 |
      Ice Cave |    411 |    411 |      0 |    168 |      0 |   1 |  411.0 |
    Desolation |   1158 |   1158 |      0 |    209 |    188 |   1 | 1158.0 |
               +--------+--------+--------+--------+--------+-----+--------+

Top non-repeatable levels by time:
   Elf:3: 2396 daAuts
Vaults:2: 2337 daAuts
Spider:1: 2086 daAuts
     D:9: 1990 daAuts
   Elf:2: 1932 daAuts
Vaults:1: 1926 daAuts
 Swamp:2: 1915 daAuts
  Lair:5: 1876 daAuts
   Elf:1: 1844 daAuts
 Swamp:4: 1843 daAuts
Vaults:5: 1818 daAuts
  Lair:1: 1713 daAuts
    D:11: 1650 daAuts
Vaults:3: 1646 daAuts
  Lair:3: 1600 daAuts
